 Seeded DCSS version 0.30.1 (webtiles) character file.

Game seed: 7229806256980976716 (custom seed)

7 McKennaii the Conjurer (level 1, 12/14 HPs)
             Began as a Demigod Conjurer on July 13, 2023.
             Quit the game on level 1 of the Dungeon.
             The game lasted 00:00:29 (197 turns).

McKennaii the Conjurer (Demigod Conjurer)            Turns: 197, Time: 00:00:30

Health: 12/14      AC:  2    Str:  8    XL:     1   Next: 73%
Magic:  5/5        EV: 12    Int: 20    God:
Gold:   17         SH:  0    Dex: 12    Spells: 3/4 levels left

rFire   . . .        (no weapon)
rCold   . . .        (no shield)
rNeg    . . .        a - +0 robe
rPois   .            (no helmet)
rElec   .            (no cloak)
rCorr   .            (no gloves)
SInv    .            (no boots)
Will    .....        (no amulet)
Stlth   ++           (no ring)
HPRegen 0.22/turn    (no ring)
MPRegen 0.09/turn

%: no passive effects
@: no status effects
A: high MP 1, forlorn, divine attributes
a: no special abilities


You were on level 1 of the Dungeon.
You visited 1 branch of the dungeon, and saw 1 of its levels.

You collected 17 gold pieces.

Inventory:

Missiles
 c - a throwing net
Armour
 a - a +0 robe (worn)
Scrolls
 d - 2 scrolls of amnesia {unknown}
 e - a scroll of acquirement
 f - a scroll of teleportation {unknown}


   Skills:
 - Level 1.7 Dodging
 - Level 1.7 Stealth
 + Level 2.1 Spellcasting
 + Level 3.8 Conjurations


You had 3 spell levels left.
You knew the following spells:

 Your Spells              Type           Power      Damage    Failure   Level
a - Magic Dart            Conj           68%        1d6       3%          1

Your spell library contained the following spells:

 Spells                   Type           Power      Damage    Failure   Level
 Searing Ray              Conj           34%        2d5       4%          2
 Dazzling Flash           Conj/Hex       18%        N/A       22%         3
 Fulminant Prism          Conj/Hex       4%         3d5       56%         4
 Iskenderun's Mystic Bla  Conj/Tloc      9%         2d4       56%         4


Dungeon Overview and Level Annotations

Branches:
Dungeon (1/15)


Innate Abilities, Weirdness & Mutations

You have an increased reservoir of magic. (+10% MP)
You shall have no god before yourself.
Your divine heritage dramatically boosts your attributes as you level up.


Message History

The magic dart hits the jackal but does no damage.
This is a scroll of acquirement!
Something appears at your feet!
There are monsters nearby!
The magic dart hits the goblin.
The goblin is moderately wounded.
The goblin hits you but does no damage.
The magic dart hits the goblin.
The goblin is severely wounded.
The goblin barely misses you.
The magic dart hits the goblin.
You kill the goblin!
The jackal bites you but does no damage.
You are out of magic!
You are out of magic!
You are out of magic!
You are out of magic!
You are out of magic!
You barely miss the jackal.
The jackal bites you but does no damage.
You hit the jackal but do no damage. The jackal closely misses you.
The jackal barely misses you.
You barely miss the jackal. The jackal closely misses you.
You hit the jackal.
The jackal is moderately wounded.
The jackal closely misses you.
You hit the jackal but do no damage.
The jackal is moderately wounded.
The jackal bites you. x2
Something appears at your feet! The jackal misses you.
Okay, then.
The magic dart hits the jackal.
You kill the jackal!
You are out of magic!
Unknown command.
Unknown command.
Magic courses through your body.
Unknown command.
Unknown command.
Are you sure you want to abandon this character and quit the game? (Confirm with "yes".)

###### #.... ##♣..>
###.... ##....
#...... ##♣.⌠_
..h.... #####⌠
..... ##### #h..
####...############
.........)@†......#
###.###.#########.#
### #.# #.# #.. #$#
#.# #.# #.#
#(#######.# #.#
#.........# #.#
########### #.#


There were no monsters in sight!

Vanquished Creatures
  A giant cockroach (D:1)
  A goblin (D:1)
  A hobgoblin (D:1)
  A jackal (D:1)
  A quokka (D:1)
  A ball python (D:1)
6 creatures vanquished.

Notes
Turn   | Place    | Note
-------+----------+-------------------------------------------
     0 | D:1      | McKennaii the Demigod Conjurer began the quest for the Orb.
     0 | D:1      | Reached XP level 1. HP: 14/14 MP: 5/5
   185 | D:1      | Identified 3 scrolls of acquirement
   185 | D:1      | Acquired the ring of Imoududeuto {MP+9 Dex+2}
   194 | D:1      | Acquired the ring "Naekhloso" {rElec rC+ rCorr}
   197 | D:1      | Quit the game

Illustrated notes

Levels and vault maps discovered:
D:1:      spicycebolla_arrival_ecumenical, layout_loops_ring

Skill      XL: |  1 |
---------------+----+-----
Spellcasting   | 2 |  2.1
Dodging        | |  1.7
Stealth        | |  1.7
Conjurations   | |  3.8

Action                     || total
---------------------------++-------
  Melee: Unarmed           ||     5
   Cast: Magic Dart        ||    15
    Use: Scroll            ||     2
         Potion            ||     1
 Armour: Robe              ||     3
  Dodge: Dodged            ||     6
